 Dungeon Crawl Stone Soup version 0.21.1-1-g345015f (webtiles) character file.

305 Flooderbenga the Grave Robber (level 6, -3/66 HPs)
             Began as a Gnoll Necromancer on Apr 26, 2018.
             Slain by a bullfrog (5 damage)
             ... on level 7 of the Dungeon.
             The game lasted 00:19:40 (972 turns).

Flooderbenga the Grave Robber (Gnoll Necromancer)    Turns: 972, Time: 00:19:41

Health: -3/66      AC:  2    Str: 16    XL:     6   Next: 39%
Magic:  10/14      EV: 14    Int: 24    God:
Gold:   73         SH:  4    Dex: 15    Spells: 1/15 levels left

rFire    x . .     SeeInvis .   l - staff of wizardry (curse)
rCold    + . .     Gourm    .   m - +0 buckler
rNeg     . . .     Faith    .   a - +0 robe
rPois    .         Spirit   .   (no helmet)
rElec    .         Reflect  .   (no cloak)
rCorr    .         Harm     .   (no gloves)
MR       .....                  (no boots)
Stlth    ..........             (no amulet)
HPRegen  0.21/turn              i - ring of ice
MPRegen  0.14/turn              (no ring)

@: brilliant, berserking, very quick
A: distributed training, fangs 1, strong nose
a: no special abilities


You were on level 7 of the Dungeon.
You were not hungry.

You visited 1 branch of the dungeon, and saw 6 of its levels.

You collected 73 gold pieces.

Inventory:

Hand Weapons
 d - a cursed +0 hunting sling
 e - a +1 dagger
Armour
 a - a +0 robe (worn)
 h - the +5 chain mail "Earthly Heaven" {rN+ MR+ Dex-2 Slay+5, unknown}
   (You found it on level 7 of the Dungeon)

   It affects your dexterity (-2).
   It affects your accuracy and damage with ranged weapons and melee attacks
   (+5).
   It protects you from negative energy.
   It affects your resistance to hostile enchantments.
 m - a +0 buckler (worn)
Magical Staves
 l - a cursed staff of wizardry (weapon)
Jewellery
 i - a ring of ice (left hand)
Wands
 k - a wand of flame (3)
Potions
 f - a potion of cancellation
Books
 b - a book of Necromancy

   Spells                             Type                      Level
   a - Pain                           Necromancy                   1
   b - Animate Skeleton               Necromancy                   1
   c - Vampiric Draining              Necromancy                   3
   d - Regeneration                   Charms/Necromancy            3
   e - Animate Dead                   Necromancy                   4
   f - Borgnjor's Vile Clutch         Necromancy/Earth             5
 g - a book of Frost

   Spells                             Type                      Level
   a - Freeze                         Ice                          1
   b - Throw Frost                    Conjuration/Ice              2
   c - Ozocubu's Armour               Charms/Ice                   3
   d - Throw Icicle                   Conjuration/Ice              4
   e - Summon Ice Beast               Ice/Summoning                4
Comestibles
 c - 3 rations


   Skills:
 + Level 1.9 Fighting
 + Level 1.9 Short Blades
 + Level 1.9 Long Blades
 + Level 1.9 Axes
 + Level 1.9 Maces & Flails
 + Level 1.9 Polearms
 + Level 1.9 Staves
 + Level 1.9 Slings
 + Level 1.9 Bows
 + Level 1.9 Crossbows
 + Level 1.9 Throwing
 + Level 1.9 Armour
 + Level 4.9 Dodging
 + Level 4.5 Stealth
 + Level 1.9 Shields
 + Level 1.9 Unarmed Combat
 + Level 5.3 Spellcasting
 + Level 1.5 Conjurations
 + Level 1.5 Hexes
 + Level 1.5 Charms
 + Level 1.5 Summonings
 + Level 7.2 Necromancy
 + Level 1.5 Translocations
 + Level 1.5 Transmutations
 + Level 1.5 Fire Magic
 + Level 1.5 Ice Magic
 + Level 1.5 Air Magic
 + Level 1.5 Earth Magic
 + Level 1.5 Poison Magic
 + Level 2.1 Invocations
 + Level 1.9 Evocations


You had one spell level left.
You knew the following spells:

 Your Spells              Type           Power        Failure   Level  Hunger
a - Pain                  Necr           ####         1%          1    None
b - Animate Dead          Necr           N/A          1%          4    ####...
c - Borgnjor's Vile Clut  Necr/Erth      #####.....   5%          5    #####..
r - Regeneration          Chrm/Necr      #####.....   1%          3    ##.....
z - Animate Skeleton      Necr           N/A          1%          1    None


Dungeon Overview and Level Annotations

Branches:
Dungeon (8/15)
 Temple: D:4-7         Lair: D:8-11

Altars:
Fedhas
Hepliaklqana
Uskayaw
Xom


Innate Abilities, Weirdness & Mutations

Your experience applies equally to all skills.
You have very sharp teeth.
Your uncanny sense of smell can sniff out nearby items.


Message History

Unknown command.
It was a potion of brilliance.
You feel clever all of a sudden. You block the killer bee's attack.
The bullfrog hits you.
* * * LOW HITPOINT WARNING * * *
The killer bee barely misses you. The bullfrog closely misses you.
You take 1 damage, and have 7/44 hp.
Here: a bullfrog The floor.
Unknown command.
Unknown command.
A red film seems to cover your vision as you go berserk!
You feel yourself moving faster!
You feel mighty! The killer bee stings you!
* * * LOW HITPOINT WARNING * * *
The bullfrog releases a deep croak.
The bullfrog barely misses you. You block the killer bee's attack.
You now have 1/66 hp.
Unknown command.
You hit the killer bee! The bullfrog hits you.
You die...

#. #. #. #.
#################.
######.......[.........
#..........###########.
#.....F....# ##
#.....@....+....Z.
#....y.....####### #
#..........#
############


You could see a bullfrog and a killer bee.

Vanquished Creatures
  A bullfrog (D:7)
  An orc wizard (D:7)
  A worker ant (D:7)
  4 gnolls (D:7)
  An ooze (D:1)
  A leopard gecko (D:2)
  3 orcs
  3 bats
  A giant cockroach (D:1)
  2 goblins
  4 hobgoblins (D:2)
  4 jackals
  A kobold (D:2)
  2 frilled lizards (D:1)
  4 rats (D:1)
33 creatures vanquished.

Vanquished Creatures (collateral kills)
  A bullfrog (D:7)
  A gnoll sergeant (D:7)
  A gnoll (D:7)
  An adder (D:7)
  A quokka (D:7)
5 creatures vanquished.

Grand Total: 38 creatures vanquished

Notes
Turn   | Place    | Note
-------+----------+-------------------------------------------
     0 | D:1      | Flooderbenga the Gnoll Necromancer began the quest for the Orb.
     0 | D:1      | Reached XP level 1. HP: 13/13 MP: 6/6
   301 | D:1      | Reached XP level 2. HP: 17/20 MP: 3/7
   382 | D:2      | Found a shimmering altar of Xom.
   382 | D:2      | Found a shimmering altar of Xom.
   383 | D:2      | Found a shimmering altar of Xom.
   383 | D:2      | Found a shimmering altar of Xom.
   401 | D:2      | Found a blossoming altar of Fedhas.
   437 | D:2      | Learned a level 1 spell: Animate Skeleton
   535 | D:2      | Reached XP level 3. HP: 22/25 MP: 3/9
   544 | D:2      | Found a hazy altar of Hepliaklqana.
   578 | D:2      | Learned a level 3 spell: Regeneration
   665 | D:3      | Reached skill level 5 in Spellcasting
   696 | D:4      | You fall through a shaft for 3 floors!
   722 | D:7      | Reached skill level 1 in Invocations
   724 | D:7      | Reached skill level 1 in Fighting
   724 | D:7      | Reached skill level 1 in Short Blades
   724 | D:7      | Reached skill level 1 in Long Blades
   724 | D:7      | Reached skill level 1 in Axes
   724 | D:7      | Reached skill level 1 in Maces & Flails
   724 | D:7      | Reached skill level 1 in Polearms
   724 | D:7      | Reached skill level 1 in Staves
   724 | D:7      | Reached skill level 1 in Slings
   724 | D:7      | Reached skill level 1 in Bows
   724 | D:7      | Reached skill level 1 in Crossbows
   724 | D:7      | Reached skill level 1 in Throwing
   724 | D:7      | Reached skill level 1 in Armour
   724 | D:7      | Reached skill level 1 in Shields
   724 | D:7      | Reached skill level 1 in Unarmed Combat
   724 | D:7      | Reached skill level 1 in Evocations
   731 | D:7      | Reached XP level 4. HP: 26/32 MP: 3/11
   771 | D:7      | Reached skill level 1 in Conjurations
   771 | D:7      | Reached skill level 1 in Hexes
   771 | D:7      | Reached skill level 1 in Charms
   771 | D:7      | Reached skill level 1 in Summonings
   771 | D:7      | Reached skill level 1 in Translocations
   771 | D:7      | Reached skill level 1 in Transmutations
   771 | D:7      | Reached skill level 1 in Fire Magic
   771 | D:7      | Reached skill level 1 in Ice Magic
   771 | D:7      | Reached skill level 1 in Air Magic
   771 | D:7      | Reached skill level 1 in Earth Magic
   771 | D:7      | Reached skill level 1 in Poison Magic
   773 | D:7      | Noticed a gnoll sergeant
   777 | D:7      | Learned a level 4 spell: Animate Dead
   786 | D:7      | Killed a gnoll sergeant
   786 | D:7      | Reached XP level 5. HP: 30/37 MP: 4/12
   796 | D:7      | Noticed a slave
   797 | D:7      | Noticed a slave
   800 | D:7      | Learned a level 5 spell: Borgnjor's Vile Clutch
   849 | D:7      | Got a smelly chain mail
   882 | D:7      | Reached XP level 6. HP: 18/44 MP: 6/13
   908 | D:7      | Found a hide-covered altar of Uskayaw.
   971 | D:7      | HP: 1/66 [killer bee (9)]
   972 | D:7      | Slain by a bullfrog

Skill      XL: |  1  2  3  4  5  6 |
---------------+-------------------+-----
Spellcasting   | 5 |  5.3
Invocations    | 1 2 |  2.1
Fighting       | 1 |  1.9
Short Blades   | 1 |  1.9
Long Blades    | 1 |  1.9
Axes           | 1 |  1.9
Maces & Flails | 1 |  1.9
Polearms       | 1 |  1.9
Staves         | 1 |  1.9
Slings         | 1 |  1.9
Bows           | 1 |  1.9
Crossbows      | 1 |  1.9
Throwing       | 1 |  1.9
Armour         | 1 |  1.9
Shields        | 1 |  1.9
Unarmed Combat | 1 |  1.9
Evocations     | 1 |  1.9
Conjurations   | 1 |  1.5
Hexes          | 1 |  1.5
Charms         | 1 |  1.5
Summonings     | 1 |  1.5
Translocations | 1 |  1.5
Transmutations | 1 |  1.5
Fire Magic     | 1 |  1.5
Ice Magic      | 1 |  1.5
Air Magic      | 1 |  1.5
Earth Magic    | 1 |  1.5
Poison Magic   | 1 |  1.5
Dodging        | |  4.9
Stealth        | |  4.5
Necromancy     | |  7.2

Action                   |  1- 3 |  4- 6 || total
-------------------------+-------+-------++-------
Melee: Dagger            |     7 |       ||     7
       Staff             |       |     1 ||     1
 Cast: Pain              |    28 |    18 ||    46
       Animate Skeleton  |     3 |     4 ||     7
       Animate Dead      |       |     1 ||     1
Evoke: Wand              |     8 |    19 ||    27
  Use: Scroll            |     2 |     1 ||     3
       Potion            |       |     2 ||     2
 Stab: Sleeping          |     7 |       ||     7
Armor: Robe              |    10 |     1 ||    11
Dodge: Dodged            |    34 |    17 ||    51
Block: Buckler           |     2 |     2 ||     4
